 Dungeon Crawl Stone Soup version 0.18-a0-1293-g5a2c81a (webtiles) character file.

2796 Baltasar the Nimble (level 9, -7/43 HPs)
             Began as a Felid Monk on Feb 10, 2016.
             Mangled by a komodo dragon (20 damage)
             ... on level 9 of the Dungeon.
             The game lasted 01:04:02 (11140 turns).

Baltasar the Nimble (Felid Monk)                   Turns: 11140, Time: 01:04:02

Health: -7/43      AC:  2    Str:  9    XL:     9   Next: 43%
Magic:  0/10       EV: 32    Int: 12    God:
Gold:   518        SH:  0    Dex: 23    Spells: 0 memorised, 8 levels left
                                        Lives:  0   Deaths: 2

rFire  . . .     SeeInvis +       - Unarmed
rCold  . . .     Gourm    .     (armour unavailable)
rNeg   . . .     Faith    .     (shield unavailable)
rPois  +         Spirit   +     (helmet unavailable)
rElec  .         Dismiss  .     (cloak unavailable)
rCorr  .         Reflect  .     (gloves unavailable)
SustAt .         Harm     .     (boots unavailable)
MR     +....                    s - amulet of guardian spirit
Stlth  ++++++....               (no ring)
                                g - ring of poison resistance

@: quick, somewhat resistant to hostile enchantments, very stealthy
A: no armour, no weapons or thrown items, claws 1, fangs 3, thin skeletal
structure 1, see invisible, carnivore 3, speed 1, shaggy fur 2, slow metabolism
1, strong 1, no device heal 1, sharp paws
a: no special abilities


You were on level 9 of the Dungeon.
You were not hungry.

You visited 1 branch of the dungeon, and saw 9 of its levels.

You collected 518 gold pieces.

Inventory:

Jewellery
 g - a ring of poison resistance (left paw)
 h - an uncursed amulet of faith
 s - an amulet of guardian spirit (around neck)
Wands
 c - a wand of teleportation (3/9)
 r - a wand of teleportation (5/9)
 u - a wand of flame (32/48)
 A - a wand of flame (41/48)
 F - a wand of confusion (11/48)
 I - a wand of flame (15/48)
Scrolls
 b - 5 scrolls of amnesia
 e - a scroll of noise {unknown}
 j - 2 scrolls of remove curse
 l - a scroll of recharging {unknown}
 m - 2 scrolls of teleportation
 n - 3 scrolls of blinking {unknown}
 p - 3 scrolls of enchant weapon {unknown}
 v - 3 scrolls of fear {unknown}
 y - a scroll of summoning {unknown}
 z - a scroll of vulnerability {unknown}
 B - a scroll of immolation {unknown}
 D - a scroll of random uselessness {unknown}
 G - 2 scrolls of magic mapping {unknown}
Potions
 d - 4 potions of flight
 f - 2 potions of heal wounds
 o - a potion of curing
 q - a potion of brilliance
 t - a potion of ambrosia
 w - a potion of degeneration {unknown}
 x - a potion of agility
Books
 H - a Fen Folio

   Spells                             Type                      Level
   a - Corpse Rot                     Necromancy                   2
   b - Stone Arrow                    Conjuration/Earth            3
   c - Leda's Liquefaction            Hexes/Earth                  4
   d - Summon Forest                  Summoning/Translocation      5
   e - Hydra Form                     Transmutation                6
   f - Summon Hydra                   Summoning                    7
Comestibles
 a - 4 meat rations
 i - 2 royal jellies
 k - a beef jerky
 E - 7 slices of pizza


   Skills:
 + Level 7.3 Fighting
 * Level 12.2 Dodging
 + Level 9.5 Stealth
 * Level 10.0 Unarmed Combat


You had 8 spell levels left.
You didn't know any spells.

Dungeon Overview and Level Annotations

Branches:
Dungeon (9/15)             Temple (0/1) D:6            Lair (0/8) D:9
    Orc: D:9-12

Altars:
Cheibriados
Elyvilon
Fedhas
Gozag
Kikubaaqudgha
Makhleb
Nemelex Xobeh
Pakellas
Qazlal
Ru
Sif Muna
Zin

Shops:
D:4 *   D:5 }   D:7 *

Annotations:
D:2 exclusion: oklob plant
D:4 830 ring
D:5 1 runed door


Innate Abilities, Weirdness & Mutations

You cannot wear armour.
You are incapable of wielding weapons or throwing items.
You have sharp claws.
You have razor-sharp teeth.
You have supernaturally acute eyesight.
You are carnivorous and can eat meat at any time.
You cover ground quickly.
You are covered in thick fur (AC +2).
You have a slow metabolism.
Your sharp claws are effective at attacking unaware monsters.
You have a somewhat thin skeletal structure (Dex +2, Stealth).
Your muscles are strong. (Str +2)
Potions and wands are less effective at restoring your health.


Message History

You scratch the komodo dragon but do no damage.
You bite the komodo dragon, but do no damage.
The komodo dragon is moderately wounded.
The komodo dragon misses you.
You scratch the komodo dragon but do no damage.
The komodo dragon is moderately wounded.
The komodo dragon bites you.
You claw the komodo dragon!
The komodo dragon is severely wounded.
The komodo dragon bites you!!
Ouch! That really hurt!
You scratch the komodo dragon but do no damage.
The komodo dragon is severely wounded.
The komodo dragon bites you.
You claw the komodo dragon!
The komodo dragon is almost dead.
You scratch the komodo dragon but do no damage.
The komodo dragon is almost dead.
The komodo dragon bites you!!
You die... ########### ##PPPPPPPPP## #PP..PPPPPPP##

#PP@l..PPP.P.##
#PPP$.PPP.....#
#PPPP.PPP.....######
#PPPPP......#.......
##.PP......##.(.....
###.....###########
###.#####.#
#.......# #######.#


You could see a komodo dragon.

Vanquished Creatures
  A hill giant (D:7)
  A gargoyle (D:9)
  The ghost of coatel the Shooter, a novice DsWn (D:5)
  A two-headed ogre (D:9)
  Sigmund (D:4)
  Eustachio (D:4)
  2 yaks (D:8)
  3 hippogriffs
  A soldier ant (D:5)
  2 ice beasts
  An orc warrior (D:8)
  3 sky beasts
  4 ogres
  A phantom (D:7)
  3 big kobolds (D:8)
  2 giant frogs
  A wyvern zombie (D:9)
  3 scorpions
  7 killer bees
  A vampire bat (D:2)
  5 crimson imps
  2 centaur zombies
  2 giant frog zombies
  2 jellies
  A gnoll shaman (D:9)
  2 orc priests
  A centaur skeleton (D:8)
  4 hounds
  An iron imp (D:7)
  4 orc wizards
  Jessica (D:3)
  An iguana (D:9)
  9 worker ants
  2 sheep (D:8)
  2 hound zombies
  4 hound skeletons
  A worker ant zombie (D:6)
  Robin (D:3)
  11 gnolls
  17 adders
  2 shadow imps
  3 oozes
  An adder zombie (D:6)
  2 adder skeletons
  2 worms
  4 giant geckos
  17 orcs
  2 ball pythons
  9 bats
  4 bat skeletons (D:2)
  2 bat zombies (D:2)
  11 giant cockroaches
  16 goblins
  15 hobgoblins
  22 jackals
  3 quokkas
  2 giant gecko skeletons (D:7)
  7 giant newts
  9 kobolds
  2 quokka skeletons
  A quokka zombie (D:6)
  9 rats
  A plant (D:9)
259 creatures vanquished.

Notes
Turn   | Place    | Note
--------------------------------------------------------------
     0 | D:1      | Baltasar the Felid Monk began the quest for the Orb.
     0 | D:1      | Reached XP level 1. HP: 10/10 MP: 2/2
   456 | D:1      | Reached XP level 2. HP: 14/14 MP: 3/3
  1310 | D:2      | Reached XP level 3. HP: 17/17 MP: 4/4
  1394 | D:2      | Found a deep blue altar of Sif Muna.
  1727 | D:2      | Found an ancient bone altar of Kikubaaqudgha.
  1738 | D:2      | Reached skill level 5 in Dodging
  1738 | D:2      | Reached XP level 4. HP: 19/21 MP: 5/5
  1791 | D:2      | Reached skill level 5 in Unarmed Combat
  2010 | D:2      | Found an opulent altar of Gozag.
  2017 | D:2      | Reached XP level 5. HP: 24/24 MP: 6/6
  2320 | D:2      | Found a blossoming altar of Fedhas.
  2347 | D:2      | Noticed an oklob plant
  2540 | D:3      | Noticed Jessica
  2600 | D:3      | Killed Jessica
  2826 | D:3      | Noticed Robin
  3175 | D:3      | Killed Robin
  3361 | D:3      | Reached skill level 6 in Dodging
  3361 | D:3      | Gained mutation: You are covered in thick fur (AC +2). [Felid growth]
  3361 | D:3      | Reached XP level 6. HP: 22/28 MP: 7/7
  3748 | D:3      | Found a glowing silver altar of Zin.
  3953 | D:3      | Found a blossoming altar of Fedhas.
  4284 | D:4      | Noticed Sigmund
  4290 | D:4      | Killed Sigmund
  4290 | D:4      | Reached XP level 7. HP: 31/33 MP: 8/8
  4355 | D:4      | Reached skill level 7 in Dodging
  4452 | D:4      | Noticed Eustachio
  4481 | D:4      | Killed Eustachio
  4481 | D:4      | Reached skill level 5 in Stealth
  4822 | D:4      | Found Seuxeot's General Store.
  5329 | D:5      | Entered Level 5 of the Dungeon
  5356 | D:5      | Reached skill level 5 in Fighting
  5362 | D:5      | Reached XP level 8. HP: 37/37 MP: 7/9
  5396 | D:5      | Found a runed door.
  5411 | D:5      | Found a runed door.
  5449 | D:5      | Noticed coatel's ghost (novice DsWn)
  5496 | D:5      | Reached skill level 8 in Dodging
  5991 | D:6      | Found a staircase to the Ecumenical Temple.
  6478 | D:6      | Reached skill level 9 in Dodging
  6858 | D:7      | Found a sacrificial altar of Ru.
  6880 | D:7      | Found a stormy altar of Qazlal.
  6892 | D:7      | Found a snail-covered altar of Cheibriados.
  6983 | D:7      | Reached XP level 9. HP: 20/41 MP: 5/10
  7183 | D:7      | Gained mutation: Your body sometimes deteriorates upon taking damage. [mutagenic meat]
  7184 | D:7      | Gained mutation: You are frail (-10% HP). [mutagenic meat]
  7185 | D:7      | Gained mutation: You occasionally shout uncontrollably at your foes. [mutagenic meat]
  7186 | D:7      | Gained mutation: Your spells are a little harder to cast, but a little more powerful. [mutagenic meat]
  7187 | D:7      | Lost mutation: Your body sometimes deteriorates upon taking damage. [potion of cure mutation]
  7187 | D:7      | Lost mutation: You occasionally shout uncontrollably at your foes. [potion of cure mutation]
  7187 | D:7      | Lost mutation: You are frail (-10% HP). [potion of cure mutation]
  7188 | D:7      | Lost mutation: Your spells are a little harder to cast, but a little more powerful. [mutagenic meat]
  7189 | D:7      | Gained mutation: Your muscles are strong. (Str +2) [mutagenic meat]
  7278 | D:7      | Found Worhiklu's General Store.
  7295 | D:7      | Found an oddly glowing altar of Pakellas.
  7410 | D:7      | Noticed a hill giant
  7828 | D:5      | Found Cuoxezin's Gadget Emporium.
  7921 | D:5      | Killed coatel's ghost
  7921 | D:5      | Reached skill level 10 in Dodging
  8685 | D:7      | Slain by a hill giant
  8686 | D:7      | Reached XP level 8. HP: -2/39 MP: 0/9
  8709 | D:7      | Killed a hill giant
  8764 | D:7      | Found a sparkling altar of Nemelex Xobeh.
  8770 | D:7      | Reached skill level 11 in Dodging
  8770 | D:7      | Reached XP level 9. HP: 42/42 MP: 10/10
  9931 | D:8      | Noticed a three-headed hydra
  9950 | D:8      | Slain by a three-headed hydra
  9951 | D:8      | Reached XP level 8. HP: -1/39 MP: 0/9
 10459 | D:9      | Found a white marble altar of Elyvilon.
 10463 | D:9      | Found a burning altar of Makhleb.
 10487 | D:9      | Reached XP level 9. HP: 43/43 MP: 10/10
 10612 | D:9      | Reached skill level 12 in Dodging
 10703 | D:9      | Lost mutation: Your muscles are strong. (Str +2) [mutagenic meat]
 10717 | D:9      | Gained mutation: Potions and wands are less effective at restoring your health. [potion of mutation]
 10717 | D:9      | Gained mutation: Your mind is acute. (Int +2) [potion of mutation]
 10718 | D:9      | Lost mutation: Your mind is acute. (Int +2) [potion of mutation]
 10718 | D:9      | Gained mutation: You evolve. [potion of mutation]
 10719 | D:9      | Lost mutation: You evolve. [potion of mutation]
 10719 | D:9      | Gained mutation: You have a somewhat thin skeletal structure (Dex +2, Stealth). [potion of mutation]
 10719 | D:9      | Gained mutation: Your muscles are strong. (Str +2) [potion of mutation]
 10724 | D:9      | Noticed a gargoyle
 10742 | D:9      | Killed a gargoyle
 10742 | D:9      | Reached skill level 10 in Unarmed Combat
 10961 | D:9      | Found a staircase to the Lair.
 10962 | D:9      | Noticed a komodo dragon
 11140 | D:9      | Mangled by a komodo dragon

Vault maps used:
D:1:      denvon_arrival_waterhouse
D:2:      old_standard_altar, old_standard_altar, kennysheep_vampire_church,
          tgw_fedhas
D:3:      lemuel_crystal_altar, lemuel_crystal_altar, first_bread, uniq_robin,
          uniq_jessica
D:4:      serial_shops, nicolae_shop_behind_doors, uniq_sigmund, uniq_eustachio
D:5:      lemuel_insect_pit, serial_shops, nicolae_shop_window_shopping,
          grunt_ministairs_9
D:6:      minmay_temple_entry_poolview, serial_undead, serial_undead_c,
          serial_undead_b, serial_undead_a, serial_undead_e
D:7:      grunt_qazlal_sundering, lemuel_coloured_pillars_altar,
          nicolae_ru_awakened_eye, grunt_pakellas_sulfur, slow_altar_1,
          serial_shops, nicolae_shop_trees
D:8:      hangedman_ranch
D:9:      bloody_makhleb, overflow_temple_1_default, david_lair_shrubbed

Action                   |  1- 3 |  4- 6 |  7- 9 || total
-------------------------+-------+-------+-------++-------
Melee: Unarmed           |   105 |   187 |   611 ||   903
  Use: Scroll            |     3 |     1 |     6 ||    10
       Potion            |       |     1 |     4 ||     5
 Stab: Sleeping          |     9 |    15 |    33 ||    57
       Distracted        |       |     2 |     4 ||     6
  Eat: Chunk             |       |     5 |    18 ||    23
